[Event "Moscow Rapid-ch 2018"]
[Site "Moscow"]
[Date "2018.12.09"]
[Round "10"]
[White "Kosteniuk, Alexandra"]
[Black "Dvalishvili, Pavel S."]
[Result "1/2-1/2"]
[ECO "B52"]
[WhiteElo "2537"]
[BlackElo "2396"]
[Annotator "ChessBase"]
[PlyCount "146"]
[EventDate "2018.12.08"]
[EventType "swiss"]
[EventCountry "RUS"]
[SourceTitle "playchess.com"]
[Source "ChessBase"]
[SourceQuality "1"]
[TimeControl "900+10"]

1. e4 c5 2. Nf3 d6 3. Bb5+ Bd7 4. Bxd7+ Nxd7 5. Qe2 Ngf6 6. b3 g6 7. Bb2 Bg7 8. Nc3 O-O 9. h4 a6 10. a4 Re8 11. O-O e6 12. Qd3 Qe7 13. Rfe1 Ng4 14. Nd1 Nde5 15. Nxe5 Nxe5 16. Qg3 h5 17. f4 Ng4 18. Bxg7 Kxg7 19. Ne3 Nxe3 20. Rxe3 Qf6 21. Rf1 Qd4 22. f5 exf5 23. exf5 Rxe3 24. dxe3 Qe4 25. Qxd6 Qxe3+ 26. Kh2 Re8 27. fxg6 fxg6 28. Qf6+ Kh6 29. Rf5 Kh7 30. Qf7+ Kh6 31. Qf6 Kh7 32. Rd5 Re7 33. Rg5 Rg7 34. Re5 Qd4 35. c3 Qd1 36. Re7 Rxe7 37. Qxe7+ Kh6 38. Qf8+ Kh7 39. Qf7+ Kh6 40. Qxb7 Qe1 41. Qxa6 Qxh4+ 42. Kg1 Qe1+ 43. Qf1 Qxc3 44. Qf8+ Kh7 45. Qf7+ Kh6 46. Qc4 Qe1+ 47. Kh2 g5 48. Qa6+ Kg7 49. Qb7+ Kg6 50. Qc6+ Kg7 51. Qc7+ Kg6 52. Qd6+ Kg7 53. Qg3 Qe7 54. a5 h4 55. Qc3+ Kg6 56. Qd3+ Kh6 57. a6 Qe5+ 58. Kg1 g4 59. Kf1 Qa1+ 60. Ke2 Kg5 61. Qe3+ Kf6 62. Qf4+ Ke7 63. Qc7+ Ke6 64. Qb6+ Kd7 65. Qb7+ Kd6 66. a7 Qb2+ 67. Kd1 Qd4+ 68. Kc2 Qf2+ 69. Kc3 Qd4+ 70. Kc2 Qf2+ 71. Kd3 Qd4+ 72. Ke2 Qb2+ 73. Kd1 Qd4+ 1/2-1/2

[Event "Moscow Rapid-ch 2018"]
[Site "Moscow"]
[Date "2018.12.09"]
[Round "10"]
[White "Sychev, Klementy"]
[Black "Ulko, Jaroslav"]
[Result "1-0"]
[ECO "B18"]
[WhiteElo "2537"]
[BlackElo "2439"]
[Annotator "ChessBase"]
[PlyCount "88"]
[EventDate "2018.12.08"]
[EventType "swiss"]
[EventCountry "RUS"]
[SourceTitle "playchess.com"]
[Source "ChessBase"]
[SourceQuality "1"]
[TimeControl "900+10"]

1. e4 c6 2. d4 d5 3. Nd2 dxe4 4. Nxe4 Bf5 5. Ng3 Bg6 6. c3 e6 7. h4 h6 8. N1e2 Nf6 9. Nf4 Bh7 10. Nfh5 Nbd7 11. Bc4 Nxh5 12. Nxh5 Nf6 13. O-O Nxh5 14. Qxh5 Bg6 15. Qg4 Qf6 16. h5 Bf5 17. Qg3 O-O-O 18. Bf4 Rg8 19. b4 g6 20. b5 Be4 21. Rfe1 Qf5 22. f3 Bd5 23. Re5 Qf6 24. Bxd5 cxd5 25. c4 gxh5 26. Qh2 Bd6 27. cxd5 Bxe5 28. Rc1+ Kd7 29. dxe5 Qg6 30. dxe6+ Qxe6 31. Qh4 Rc8 32. Rd1+ Ke8 33. Qxh5 Rc2 34. Rd2 Qb6+ 35. Kh2 Rxd2 36. Bxd2 Qf2 37. Qh3 Qxd2 38. Qc8+ Qd8 39. Qxb7 Qh4+ 40. Kg1 Qe1+ 41. Kh2 Qxe5+ 42. Kh1 Qh5+ 43. Kg1 Qc5+ 44. Kh1 Rg5 1-0

[Event "Moscow Rapid-ch 2018"]
[Site "Moscow"]
[Date "2018.12.09"]
[Round "10"]
[White "Golubov, Saveliy"]
[Black "Tsvetkov, Andrey"]
[Result "1-0"]
[ECO "B54"]
[WhiteElo "2482"]
[BlackElo "2338"]
[Annotator "RC"]
[PlyCount "79"]
[EventDate "2018.12.08"]
[EventType "swiss"]
[EventCountry "RUS"]
[SourceTitle "playchess.com"]
[Source "ChessBase"]
[SourceQuality "1"]
[TimeControl "900+10"]

1. e4 c5 2. Nf3 d6 3. d4 cxd4 4. Nxd4 Nf6 5. f3 e5 6. Nb3 a5 7. Bb5+ Bd7 8. a4 Be7 9. Nc3 O-O 10. Be3 Nc6 11. O-O Nb4 12. Bxd7 Qxd7 13. Nb5 d5 14. c3 Nc6 15. Bg5 Rad8 16. Qc2 dxe4 17. Bxf6 Bxf6 18. Nc5 Qd2 19. Qxe4 Qxb2 20. Rfb1 Qd2 21. Nxb7 Rd5 22. c4 Rxb5 23. axb5 Nd4 24. Rd1 Qb2 25. Kh1 Ne2 26. Qb1 Qc3 27. Ra2 Nf4 28. Nd6 Qe3 29. Ne4 Be7 30. Qc1 Qb3 31. Rb2 Qa3 32. Qc2 Qe3 33. Rb3 Qa7 34. c5 Ne6 35. b6 Qa6 36. b7 Nd4 37. Qd3 Qa7 38. Rbb1 a4 39. Qc4 a3 40. c6 1-0

[Event "Moscow Rapid-ch 2018"]
[Site "Moscow"]
[Date "2018.12.09"]
[Round "10"]
[White "Yeletsky, Ivan"]
[Black "Lavrov, Maxim"]
[Result "1/2-1/2"]
[ECO "E73"]
[WhiteElo "2406"]
[BlackElo "2387"]
[Annotator "NA"]
[PlyCount "117"]
[EventDate "2018.12.08"]
[EventType "swiss"]
[EventCountry "RUS"]
[SourceTitle "playchess.com"]
[Source "ChessBase"]
[SourceQuality "1"]
[TimeControl "900+10"]

1. d4 Nf6 2. c4 g6 3. Nc3 Bg7 4. e4 d6 5. Be2 O-O 6. Bg5 c5 7. d5 e6 8. Qd2 exd5 9. exd5 Re8 10. Nf3 Bg4 11. O-O Bxf3 12. Bxf3 Nbd7 13. Rae1 Qb6 14. h3 a6 15. Qc2 Rxe1 16. Rxe1 Ne5 17. Be2 Re8 18. b3 Ned7 19. Bd2 Qd8 20. a4 Re7 21. Bf1 Qe8 22. Rxe7 Qxe7 23. a5 h5 24. g3 h4 25. g4 Qe5 26. Bd3 Qd4 27. Be3 Qe5 28. Bd2 Qd4 29. Ne2 Qa1+ 30. Qc1 Qxc1+ 31. Nxc1 Ne5 32. Be2 Ne4 33. Bf4 Nc3 34. Kf1 Bf6 35. Nd3 Ne4 36. Kg2 Nc3 37. Bf1 Ne4 38. Be3 Nd7 39. Kf3 Nc3 40. Bf4 Be7 41. Ke3 f6 42. Bh2 Ne5 43. f4 Nxd3 44. Bxd3 Kf7 45. Kd2 Na2 46. Be4 Nb4 47. Ke2 Bf8 48. g5 f5 49. Bb1 Bg7 50. Bg1 Bd4 51. Bxd4 cxd4 52. Kd2 Ke7 53. Kc1 d3 54. Kd2 Kf7 55. Kc3 Nc2 56. Kxd3 Ne1+ 57. Ke2 Ng2 58. Kf3 Ne1+ 59. Kf2 1/2-1/2

[Event "Moscow Rapid-ch 2018"]
[Site "Moscow"]
[Date "2018.12.09"]
[Round "10"]
[White "Dragomarezkij, Evgeni"]
[Black "Chudinovskikh, Alexander M"]
[Result "1-0"]
[ECO "A33"]
[WhiteElo "2385"]
[BlackElo "2184"]
[Annotator "NA"]
[PlyCount "97"]
[EventDate "2018.12.08"]
[EventType "swiss"]
[EventCountry "RUS"]
[SourceTitle "playchess.com"]
[Source "ChessBase"]
[SourceQuality "1"]
[TimeControl "900+10"]

1. c4 c5 2. Nf3 Nc6 3. d4 cxd4 4. Nxd4 Nf6 5. Nc3 e6 6. Bf4 d5 7. cxd5 Nxd5 8. Nxc6 bxc6 9. Bd2 Bc5 10. e3 O-O 11. Be2 e5 12. Na4 Bd6 13. Rc1 e4 14. O-O Qg5 15. Re1 Bh3 16. Bf1 Qe5 17. g3 Bxf1 18. Rxf1 Rac8 19. Bc3 Qf5 20. Qd4 f6 21. Bd2 Rfe8 22. Nc3 Re5 23. Nxd5 Rxd5 24. Qc4 Kh8 25. Rfd1 h5 26. Bb4 Rxd1+ 27. Rxd1 Bxb4 28. Qxb4 Qf3 29. Rd7 h4 30. Qe7 Qg4 31. Rd4 hxg3 32. hxg3 f5 33. Qd7 Rb8 34. b3 c5 35. Rd5 Rf8 36. Rxc5 a6 37. Rc8 Rxc8 38. Qxc8+ Kh7 39. Qxa6 Qd1+ 40. Qf1 Qc2 41. Qa1 Kg6 42. b4 Kh6 43. b5 g5 44. Qf6+ Kh5 45. Qxf5 Qb1+ 46. Kg2 Kh6 47. Qe6+ Kh5 48. b6 g4 49. Qf5+ 1-0

[Event "Moscow Rapid-ch 2018"]
[Site "Moscow"]
[Date "2018.12.09"]
[Round "10"]
[White "Pavlov, Danila"]
[Black "Dudin, Gleb"]
[Result "1-0"]
[ECO "C11"]
[WhiteElo "2323"]
[BlackElo "2303"]
[Annotator "NA"]
[PlyCount "55"]
[EventDate "2018.12.08"]
[EventType "swiss"]
[EventCountry "RUS"]
[SourceTitle "playchess.com"]
[Source "ChessBase"]
[SourceQuality "1"]
[TimeControl "900+10"]

1. e4 e6 2. d4 d5 3. Nc3 Nf6 4. Bg5 dxe4 5. Nxe4 Be7 6. Bxf6 gxf6 7. Nf3 f5 8. Nc3 a6 9. g3 b5 10. Bg2 Bb7 11. O-O Bf6 12. Qe2 O-O 13. Rad1 Re8 14. Qd2 Nd7 15. Ne2 c5 16. Nf4 cxd4 17. Nh5 Bh8 18. Nxd4 Bxg2 19. Kxg2 Ne5 20. f3 Nc4 21. Qh6 Qb6 22. b3 Rad8 23. c3 Ne5 24. Nf6+ Bxf6 25. Qxf6 Qc7 26. h4 h5 27. Rfe1 Ng6 28. Nxe6 1-0

[Event "Moscow Rapid-ch 2018"]
[Site "Moscow"]
[Date "2018.12.09"]
[Round "10"]
[White "Utiatskaja, Irina"]
[Black "Bezgodova, Svetlana"]
[Result "1-0"]
[ECO "C24"]
[WhiteElo "2246"]
[BlackElo "2046"]
[Annotator "NA"]
[PlyCount "93"]
[EventDate "2018.12.08"]
[EventType "swiss"]
[EventCountry "RUS"]
[SourceTitle "playchess.com"]
[Source "ChessBase"]
[SourceQuality "1"]
[TimeControl "900+10"]

1. e4 e5 2. Bc4 Nf6 3. d3 d5 4. exd5 Nxd5 5. Nf3 Nc6 6. Nc3 Be6 7. Bb5 Nxc3 8. bxc3 Bd6 9. Ng5 Bf5 10. Qf3 Qd7 11. O-O O-O 12. Re1 a6 13. Bxc6 bxc6 14. Ne4 Be7 15. Qg3 f6 16. Qe3 Rfb8 17. f4 exf4 18. Qxf4 Bg6 19. Qg3 a5 20. a4 c5 21. Bf4 c4 22. d4 Rb2 23. Qf2 Qc6 24. Bc1 Rbb8 25. Nd2 Bd6 26. Qf1 Bf7 27. Ne4 Bf8 28. Ba3 Re8 29. Bxf8 Rxe4 30. Bc5 Rae8 31. Rab1 Qxa4 32. Rxe4 Rxe4 33. Rb8+ Re8 34. Qb1 h5 35. h3 Kh7 36. Rb7 Qc6 37. Rb8 Re2 38. Qf1 Bg6 39. Qxe2 Qa4 40. Rb1 Qxc2 41. Qxc2 Bxc2 42. Rb7 c6 43. Ra7 a4 44. Ra6 Be4 45. Rxa4 Bd5 46. Kf2 Kg6 47. Ra7 1-0

[Event "Moscow Rapid-ch 2018"]
[Site "Moscow"]
[Date "2018.12.09"]
[Round "10"]
[White "Vlasov, Sergey"]
[Black "Tarasov, Danila"]
[Result "0-1"]
[ECO "B31"]
[WhiteElo "2229"]
[BlackElo "1885"]
[Annotator "NA"]
[PlyCount "130"]
[EventDate "2018.12.08"]
[EventType "swiss"]
[EventCountry "RUS"]
[SourceTitle "playchess.com"]
[Source "ChessBase"]
[SourceQuality "1"]
[TimeControl "900+10"]

1. e4 c5 2. Nf3 Nc6 3. Bb5 g6 4. Bxc6 dxc6 5. h3 Bg7 6. Nc3 e5 7. d3 Qe7 8. Be3 Nf6 9. Qd2 O-O 10. Nh2 Rd8 11. b3 b5 12. Qe2 c4 13. dxc4 Qb4 14. Bd2 Bh6 15. a3 Bxd2+ 16. Qxd2 Rxd2 17. axb4 Rxc2 18. Nd1 Nxe4 19. O-O bxc4 20. Ne3 Rb2 21. Nxc4 Rxb3 22. Nxe5 Rxb4 23. Nxc6 Rb7 24. Rfe1 Nf6 25. Nf3 Bd7 26. Na5 Rb6 27. Ne5 Bb5 28. Nac4 Bxc4 29. Nxc4 Rc6 30. Na5 Rc2 31. Rec1 Rac8 32. Rxc2 Rxc2 33. Nb7 Rc7 34. Rxa7 Kg7 35. g4 Nd7 36. Kg2 Nc5 37. Nxc5 Rxa7 38. Ne4 Ra4 39. f3 Ra1 40. g5 h6 41. h4 hxg5 42. hxg5 Kf8 43. Kg3 Ke7 44. Kf4 Ke6 45. Nf6 Ra5 46. Ne4 Rf5+ 47. Kg4 Ke5 48. Kg3 Rf4 49. Nf2 Ra4 50. Ng4+ Kf5 51. Nh6+ Ke6 52. Ng4 Ra5 53. Kh4 Ra1 54. Kg3 Ra7 55. Kf4 Ra5 56. Nf2 Ra4+ 57. Kg3 Kf5 58. Nh3 Ra8 59. Kg2 Rh8 60. Kg3 Rxh3+ 61. Kxh3 Kxg5 62. Kg3 Kf5 63. Kf2 Kf4 64. Kg2 Ke3 65. Kg3 f5 0-1

[Event "Moscow Rapid-ch 2018"]
[Site "Moscow"]
[Date "2018.12.09"]
[Round "10"]
[White "Matyunin, Maxim"]
[Black "Kornilovich, Dmitry"]
[Result "0-1"]
[ECO "A48"]
[WhiteElo "2218"]
[BlackElo "2133"]
[Annotator "NA"]
[PlyCount "126"]
[EventDate "2018.12.08"]
[EventType "swiss"]
[EventCountry "RUS"]
[SourceTitle "playchess.com"]
[Source "ChessBase"]
[SourceQuality "1"]
[TimeControl "900+10"]

1. d4 Nf6 2. Nf3 g6 3. c4 Bg7 4. Nc3 O-O 5. Bg5 h6 6. Bh4 d6 7. e3 Nc6 8. Be2 g5 9. Bg3 Bf5 10. O-O Nh5 11. d5 Nb8 12. Nxg5 Nxg3 13. fxg3 Bg6 14. Nf3 e6 15. Nh4 Qg5 16. Qd2 Bh7 17. dxe6 fxe6 18. Rxf8+ Bxf8 19. Bf3 Nc6 20. Be4 Bxe4 21. Nxe4 Qe5 22. Qd3 Nb4 23. Qb1 Bg7 24. Ng6 Qh5 25. Nf4 Qf5 26. a3 Nc6 27. Nf2 Qf7 28. Qe4 Re8 29. Rf1 Ne5 30. N2d3 Nxd3 31. Nxd3 Qh5 32. Qxb7 d5 33. Qc6 dxc4 34. g4 Qg6 35. Nf4 Qf7 36. Nh5 Qe7 37. Qxc4 Bxb2 38. Qe4 Qh7 39. Qb4 Bh8 40. Qb5 Rd8 41. Qc6 Qe7 42. Qe4 Bg7 43. Nf4 e5 44. Qc4+ Kh7 45. Nh5 Rf8 46. Rc1 Rf7 47. h3 Bh8 48. Qe4+ Kg8 49. Rc6 Bg7 50. Rg6 Qxa3 51. Qxe5 Qe7 52. Qd5 Kh7 53. Re6 Qg5 54. Qe4+ Kg8 55. Nxg7 Kxg7 56. Qd4+ Kh7 57. Qe4+ Kg7 58. Re5 Qh4 59. Qd4 Qf2+ 60. Kh2 Qf6 61. Qe4 Qd6 62. Kg1 Qd1+ 63. Kh2 Qd6 0-1

[Event "Moscow Rapid-ch 2018"]
[Site "Moscow"]
[Date "2018.12.09"]
[Round "10"]
[White "Chasovnikova, Eugenia"]
[Black "Martynyuk, Elizaveta"]
[Result "0-1"]
[ECO "D15"]
[WhiteElo "2201"]
[BlackElo "2128"]
[Annotator "NA"]
[PlyCount "67"]
[EventDate "2018.12.08"]
[EventType "swiss"]
[EventCountry "RUS"]
[SourceTitle "playchess.com"]
[Source "ChessBase"]
[SourceQuality "1"]
[TimeControl "900+10"]

1. d4 d5 2. c4 c6 3. Nf3 Nf6 4. Nc3 dxc4 5. g3 e6 6. Bg2 c5 7. Be3 Ng4 8. Bg5 Be7 9. Bxe7 Qxe7 10. Qa4+ Bd7 11. Qxc4 cxd4 12. Nxd4 Ne5 13. Qc7 Nbc6 14. Nxc6 Bxc6 15. Qxe5 Bxg2 16. Rg1 Bc6 17. Qxg7 O-O-O 18. Qe5 Qb4 19. Rb1 Rhg8 20. f3 Rd5 21. Qe3 Rh5 22. h4 a6 23. a3 Qd6 24. Rd1 Qc7 25. Kf2 b6 26. Ne4 Rg6 27. Rc1 Kb7 28. Rgd1 Rd5 29. Rh1 f5 30. h5 Rg8 31. Ng5 h6 32. Rxc6 Qxc6 33. Nf7 Qc7 34. f4 0-1

[Event "Moscow Rapid-ch 2018"]
[Site "Moscow"]
[Date "2018.12.09"]
[Round "10"]
[White "Strutinskaia, Galina"]
[Black "Borisova, Ekaterina"]
[Result "0-1"]
[ECO "A01"]
[WhiteElo "2201"]
[BlackElo "2244"]
[Annotator "NA"]
[PlyCount "144"]
[EventDate "2018.12.08"]
[EventType "swiss"]
[EventCountry "RUS"]
[SourceTitle "playchess.com"]
[Source "ChessBase"]
[SourceQuality "1"]
[TimeControl "900+10"]

1. b3 d5 2. Bb2 Bg4 3. f4 c5 4. Nf3 Nc6 5. e3 Nf6 6. h3 Bxf3 7. Qxf3 Qd6 8. Bb5 a6 9. Bxc6+ Qxc6 10. g4 h6 11. d3 e6 12. Nd2 O-O-O 13. O-O-O Nd7 14. Rhf1 f6 15. h4 Be7 16. h5 Rhf8 17. Rde1 Kb8 18. Kb1 Ka7 19. c4 Nb6 20. Re2 Qd7 21. e4 dxc4 22. dxc4 e5 23. f5 Qd3+ 24. Qxd3 Rxd3 25. Rf3 Rfd8 26. Kc2 Rxf3 27. Nxf3 Na8 28. Nh4 b5 29. Ng6 Bd6 30. cxb5 axb5 31. Rd2 Kb7 32. Nf8 Nc7 33. a4 bxa4 34. bxa4 Kc6 35. Ng6 Ra8 36. Kb3 Rb8+ 37. Kc2 Rb4 38. Re2 Rxa4 39. Nh4 Nb5 40. Re3 Nd4+ 41. Kc1 c4 42. Nf3 Bc5 43. Kb1 Nxf3 44. Rxf3 Bd4 45. Ba3 Kb5 46. Bf8 Ra7 47. Ra3 Rd7 48. Ra8 Rb7 49. Kc2 c3 50. Ba3 Rc7 51. Rb8+ Kc6 52. Ra8 Kb7 53. Rg8 Kc6 54. Bb4 Kb5 55. Rb8+ Ka6 56. Ra8+ Kb7 57. Rg8 Ka6 58. Ra8+ Kb5 59. Rb8+ Ka4 60. Bd6 Rd7 61. Bf8 Rc7 62. Bd6 Rd7 63. Bb4 Ba7 64. Rc8 Kxb4 65. Rxc3 Bd4 66. Rc8 Be3 67. Rg8 Bg5 68. Rb8+ Kc5 69. Ra8 Rd4 70. Rg8 Rxe4 71. Rxg7 Rxg4 72. Ra7 Rh4 0-1

[Event "Moscow Rapid-ch 2018"]
[Site "Moscow"]
[Date "2018.12.09"]
[Round "10"]
[White "Volodin, Viktor"]
[Black "Gorbatov, Alexej"]
[Result "0-1"]
[ECO "A05"]
[WhiteElo "2175"]
[BlackElo "2389"]
[Annotator "NA"]
[PlyCount "92"]
[EventDate "2018.12.08"]
[EventType "swiss"]
[EventCountry "RUS"]
[SourceTitle "playchess.com"]
[Source "ChessBase"]
[SourceQuality "1"]
[TimeControl "900+10"]

1. Nf3 Nf6 2. c4 a6 3. g3 b5 4. b3 Bb7 5. Bg2 g6 6. Bb2 Bg7 7. O-O c5 8. Nc3 Qb6 9. Nd5 Bxd5 10. cxd5 d6 11. e4 O-O 12. d3 Nbd7 13. Qe2 Ra7 14. Nd2 e6 15. dxe6 fxe6 16. Kh1 d5 17. e5 Ne8 18. d4 c4 19. b4 a5 20. Bc3 axb4 21. Bxb4 Qxd4 22. Bxf8 Bxf8 23. Nf3 Qb6 24. Ng5 Ng7 25. f4 Be7 26. g4 Ra3 27. Nf3 Nc5 28. Nd4 Nd3 29. Nc2 Ra4 30. f5 gxf5 31. gxf5 Nxf5 32. Bxd5 exd5 33. Qg4+ Ng7 34. Nd4 Nxe5 35. Qc8+ Qd8 36. Nc6 Nxc6 37. Qxc6 Qa8 38. Qxb5 d4+ 39. Kg1 d3 40. Rab1 Rxa2 41. Qxc4+ Kh8 42. Qxa2 Bc5+ 43. Rf2 Qxa2 44. Rb8+ Ne8 45. Rxe8+ Kg7 46. Re7+ Kg6 0-1

[Event "Moscow Rapid-ch 2018"]
[Site "Moscow"]
[Date "2018.12.09"]
[Round "10"]
[White "Girshgorn, Leonid"]
[Black "Stukan, Martin"]
[Result "1-0"]
[ECO "A45"]
[WhiteElo "2038"]
[BlackElo "2142"]
[Annotator "NA"]
[PlyCount "111"]
[EventDate "2018.12.08"]
[EventType "swiss"]
[EventCountry "RUS"]
[SourceTitle "playchess.com"]
[Source "ChessBase"]
[SourceQuality "1"]
[TimeControl "900+10"]

1. d4 Nf6 2. Bf4 g6 3. Nc3 Bg7 4. e4 d6 5. Qd2 a6 6. f3 b5 7. Bh6 O-O 8. O-O-O b4 9. Na4 a5 10. h4 Bd7 11. b3 Qe8 12. h5 Bxa4 13. hxg6 fxg6 14. Bxg7 Kxg7 15. Qh6+ Kg8 16. bxa4 Qf7 17. Kb1 Nbd7 18. Nh3 Qg7 19. Qxg7+ Kxg7 20. Ng5 Rfc8 21. Ne6+ Kh8 22. Nf4 Nf8 23. e5 N6d7 24. Bd3 Kg7 25. exd6 exd6 26. Rde1 Re8 27. Nd5 Rxe1+ 28. Rxe1 c6 29. Nc7 Ra7 30. Ne8+ Kh8 31. Nxd6 Nb6 32. Re8 Kg7 33. Be4 Rd7 34. Nc8 Nxa4 35. Re7+ Rxe7 36. Nxe7 c5 37. dxc5 Nxc5 38. Nc6 Nfe6 39. Nxa5 Nf4 40. Nc6 Nxg2 41. Nxb4 Nf4 42. Nd5 Nxe4 43. Nxf4 Nd2+ 44. Kb2 g5 45. Ne2 h5 46. a4 h4 47. Ng1 Kf6 48. Kc3 Nf1 49. a5 Ne3 50. a6 Nd5+ 51. Kc4 Ke6 52. Kc5 Nc7 53. a7 Kd7 54. Kb6 Kc8 55. Kc6 Na8 56. Nh3 1-0

[Event "Moscow Rapid-ch 2018"]
[Site "Moscow"]
[Date "2018.12.09"]
[Round "10"]
[White "Glibka, Yulia"]
[Black "Paramzina, Anastasya"]
[Result "1-0"]
[ECO "A48"]
[WhiteElo "1979"]
[BlackElo "2229"]
[Annotator "NA"]
[PlyCount "71"]
[EventDate "2018.12.08"]
[EventType "swiss"]
[EventCountry "RUS"]
[SourceTitle "playchess.com"]
[Source "ChessBase"]
[SourceQuality "1"]
[TimeControl "900+10"]

1. d4 Nf6 2. Nf3 g6 3. c3 Bg7 4. Bf4 d6 5. Nbd2 O-O 6. e3 Nc6 7. Bc4 a5 8. a4 Bg4 9. Qb3 Bxf3 10. Nxf3 Qd7 11. Ng5 e5 12. dxe5 dxe5 13. Bg3 Rab8 14. O-O Qe7 15. Qb5 h6 16. Nf3 Ne4 17. Bd5 Nd6 18. Qc5 Nd8 19. Qxa5 Kh7 20. Qb4 f5 21. h4 Bf6 22. a5 N8f7 23. Bxf7 Rxf7 24. a6 Rff8 25. a7 Ra8 26. Ra5 b6 27. Ra6 e4 28. Bxd6 cxd6 29. Nd4 Bxh4 30. g3 Qg5 31. Ne6 Qg4 32. Nxf8+ Kg7 33. Ne6+ Kf7 34. Qxd6 Be7 35. Qd5 Qe2 36. Nf4+ 1-0

[Event "Moscow Rapid-ch 2018"]
[Site "Moscow"]
[Date "2018.12.09"]
[Round "11"]
[White "Zakhartsov, Vladimir"]
[Black "Pavlov, Danila"]
[Result "1-0"]
[ECO "E67"]
[WhiteElo "2486"]
[BlackElo "2323"]
[Annotator "ChessBase"]
[PlyCount "99"]
[EventDate "2018.12.08"]
[EventType "swiss"]
[EventCountry "RUS"]
[SourceTitle "playchess.com"]
[Source "ChessBase"]
[SourceQuality "1"]
[TimeControl "900+10"]

1. c4 Nf6 2. Nc3 g6 3. d4 Bg7 4. g3 d6 5. Bg2 O-O 6. Nf3 Nbd7 7. O-O e5 8. b3 exd4 9. Nxd4 Re8 10. Bb2 Rb8 11. Qc2 a6 12. Rad1 c5 13. Nf3 b5 14. cxb5 axb5 15. Rxd6 Qe7 16. Rd2 b4 17. Na4 Ne4 18. Rd3 Ndf6 19. Be5 Rb5 20. Re3 Bf5 21. Bxf6 Qxf6 22. Nh4 Nd6 23. Nxf5 Qxf5 24. Qxf5 gxf5 25. Rxe8+ Nxe8 26. Rc1 Bf8 27. Bc6 Rb8 28. Nxc5 Bxc5 29. Rxc5 Rc8 30. Re5 Nd6 31. Bf3 Rc2 32. Rd5 Ne4 33. Bxe4 fxe4 34. e3 Rxa2 35. Rb5 Kg7 36. g4 Ra6 37. Kg2 Kg6 38. Kg3 Re6 39. Rxb4 h5 40. h3 hxg4 41. hxg4 Kg5 42. Rb5+ Kg6 43. b4 Rf6 44. Re5 Rb6 45. Rxe4 Rb5 46. f4 Rb6 47. g5 Kh5 48. Kf3 Rb5 49. Rc4 Rb6 50. e4 1-0

[Event "Moscow Rapid-ch 2018"]
[Site "Moscow"]
[Date "2018.12.09"]
[Round "11"]
[White "Gorbatov, Alexej"]
[Black "Tarasov, Danila"]
[Result "1/2-1/2"]
[ECO "B20"]
[WhiteElo "2389"]
[BlackElo "1885"]
[Annotator "NA"]
[PlyCount "104"]
[EventDate "2018.12.08"]
[EventType "swiss"]
[EventCountry "RUS"]
[SourceTitle "playchess.com"]
[Source "ChessBase"]
[SourceQuality "1"]
[TimeControl "900+10"]

1. e4 c5 2. b3 Nf6 3. e5 Nd5 4. Bb2 Nc6 5. Nf3 e6 6. g3 g6 7. c4 Nc7 8. Nc3 Bg7 9. Ne4 O-O 10. Bc3 b6 11. Bg2 Bb7 12. O-O Ne8 13. Re1 d5 14. exd6 Nxd6 15. Bxg7 Kxg7 16. Nxd6 Qxd6 17. d4 cxd4 18. Nxd4 Qxd4 19. Qxd4+ Nxd4 20. Bxb7 Rab8 21. Rad1 Nxb3 22. axb3 Rxb7 23. f4 Rc8 24. Re5 Rc5 25. Kf2 Kf6 26. Re3 b5 27. cxb5 Rcxb5 28. Rdd3 h5 29. h3 Rb4 30. Kf3 R4b5 31. g4 hxg4+ 32. hxg4 g5 33. fxg5+ Kxg5 34. Kg3 Rc5 35. Rd4 Rcb5 36. Rdd3 a5 37. Rc3 Rd5 38. Rf3 Rdb5 39. Rce3 Rd7 40. Re4 Rdb7 41. Ree3 Rd7 42. Re4 Rdb7 43. Ree3 Rd5 44. Re4 f5 45. Rxe6 fxg4 46. Rfe3 Rf5 47. R6e4 Rb4 48. Re8 Rf3+ 49. Rxf3 gxf3 50. Re5+ Kf6 51. Rxa5 Rxb3 52. Rc5 Ra3 1/2-1/2

[Event "Moscow Rapid-ch 2018"]
[Site "Moscow"]
[Date "2018.12.09"]
[Round "11"]
[White "Tsvetkov, Andrey"]
[Black "Gurvich, Vitaly"]
[Result "1-0"]
[ECO "E91"]
[WhiteElo "2338"]
[BlackElo "2270"]
[Annotator "NA"]
[PlyCount "53"]
[EventDate "2018.12.08"]
[EventType "swiss"]
[EventCountry "RUS"]
[SourceTitle "playchess.com"]
[Source "ChessBase"]
[SourceQuality "1"]
[TimeControl "900+10"]

1. d4 Nf6 2. c4 g6 3. Nc3 Bg7 4. e4 d6 5. Nf3 O-O 6. Be2 Bg4 7. Be3 Nfd7 8. Ng1 Bxe2 9. Ngxe2 c5 10. dxc5 dxc5 11. O-O Nc6 12. f4 e5 13. f5 Nd4 14. Nd5 f6 15. Nec3 gxf5 16. exf5 Nb6 17. b3 Nxd5 18. Nxd5 b5 19. Qd3 bxc4 20. Qxc4 Kh8 21. Rad1 Rc8 22. Nc3 Qe7 23. Ne4 Rfd8 24. Rc1 Bf8 25. g4 Qb7 26. Nxf6 Be7 27. Qf7 1-0

[Event "Moscow Rapid-ch 2018"]
[Site "Moscow"]
[Date "2018.12.09"]
[Round "11"]
[White "Dudin, Gleb"]
[Black "Stukan, Martin"]
[Result "1/2-1/2"]
[ECO "D87"]
[WhiteElo "2303"]
[BlackElo "2142"]
[Annotator "NA"]
[PlyCount "115"]
[EventDate "2018.12.08"]
[EventType "swiss"]
[EventCountry "RUS"]
[SourceTitle "playchess.com"]
[Source "ChessBase"]
[SourceQuality "1"]
[TimeControl "900+10"]

1. d4 Nf6 2. c4 g6 3. Nc3 d5 4. cxd5 Nxd5 5. e4 Nxc3 6. bxc3 Bg7 7. Bc4 O-O 8. Ne2 c5 9. O-O Nc6 10. Be3 b6 11. Qd2 Bb7 12. Rad1 cxd4 13. cxd4 Rc8 14. Rc1 e6 15. Rfd1 Na5 16. Bd3 Qd7 17. Qb4 Rxc1 18. Rxc1 Rc8 19. Rxc8+ Qxc8 20. Qc3 Qxc3 21. Nxc3 Nc6 22. Ne2 Nb4 23. Bb1 Ba6 24. Nf4 Bc4 25. a3 Na2 26. e5 Bf8 27. Bxa2 Bxa2 28. Bc1 Bc4 29. f3 Be7 30. Kf2 f6 31. exf6 Bxf6 32. Bb2 b5 33. Ke3 a5 34. Nd3 Bg5+ 35. f4 Be7 36. Bc3 Bxa3 37. Bxa5 Bd6 38. Bb4 Bc7 39. Ne5 Bd5 40. g3 Kg7 41. Kd3 h6 42. h4 Kf6 43. Ng4+ Kg7 44. Ne5 Bd8 45. Ke3 g5 46. hxg5 hxg5 47. Nd3 Kf6 48. Ne5 Bc7 49. g4 Bb3 50. Nd7+ Kg6 51. Ne5+ Bxe5 52. dxe5 Bd1 53. Be7 Bxg4 54. fxg5 Kf5 55. Kd4 Bh5 56. Kc5 Be8 57. Kd4 Bd7 58. Bf6 1/2-1/2

[Event "Moscow Rapid-ch 2018"]
[Site "Moscow"]
[Date "2018.12.09"]
[Round "11"]
[White "Borisova, Ekaterina"]
[Black "Utiatskaja, Irina"]
[Result "0-1"]
[ECO "B94"]
[WhiteElo "2244"]
[BlackElo "2246"]
[Annotator "NA"]
[PlyCount "144"]
[EventDate "2018.12.08"]
[EventType "swiss"]
[EventCountry "RUS"]
[SourceTitle "playchess.com"]
[Source "ChessBase"]
[SourceQuality "1"]
[TimeControl "900+10"]

1. e4 c5 2. Nf3 d6 3. d4 cxd4 4. Nxd4 Nf6 5. Nc3 a6 6. Bg5 Nbd7 7. f4 Qc7 8. Qf3 b5 9. O-O-O Bb7 10. Nd5 Nxd5 11. exd5 g6 12. Nc6 Bxc6 13. dxc6 Nc5 14. Qc3 Rg8 15. Bd3 Qxc6 16. Rhe1 Nxd3+ 17. Qxd3 e6 18. Bf6 Rc8 19. Kb1 Be7 20. Bd4 d5 21. g4 Kd7 22. Re2 Qc4 23. Qe3 b4 24. f5 gxf5 25. gxf5 Rc6 26. b3 Qb5 27. f6 Bc5 28. Bxc5 Qxc5 29. Qxc5 Rxc5 30. Rd4 a5 31. Rh4 Rg6 32. Rxh7 Rxf6 33. h4 Rc3 34. Rh2 Rg3 35. Kc1 Rgg6 36. h5 Rh6 37. Rg7 Rf5 38. Rg8 Rhxh5 39. Re2 d4 40. Ra8 Rc5 41. Kb2 Rc7 42. Rd2 Rd5 43. Rf2 Ke7 44. a3 bxa3+ 45. Kxa3 Rdc5 46. Kb2 e5 47. Ra6 e4 48. Raf6 Ke8 49. R6f4 Re5 50. Rh2 Rce7 51. Kc1 f5 52. Kd2 Kd7 53. Rh5 Rf7 54. Rg5 Ke6 55. Rg6+ Rf6 56. Rg8 Rc5 57. Re8+ Kd7 58. Rexe4 fxe4 59. Rxf6 e3+ 60. Kd1 Rh5 61. Rf4 Rh1+ 62. Ke2 Rh2+ 63. Ke1 Rd2 64. Re4 Kd6 65. c3 Kd5 66. Re8 dxc3 67. Rxe3 Kd4 68. Re8 Rb2 69. Rd8+ Ke3 70. Re8+ Kd3 71. Ra8 Rb1+ 72. Kf2 c2 0-1